 Dungeon Crawl Stone Soup version 0.30-a0-313-gae38170b09 (webtiles) character file.

Game seed: 14061419705105747935

50843 retardedninja the Severer (level 14, -20/127 HPs)
             Began as a Hill Orc Fighter on Oct 25, 2022.
             Was an Initiate of Gozag.
             Demolished by an orc knight
             ... wielding a +3 glaive of venom
              (29 damage)
             ... on level 2 of the Orcish Mines on Oct 26, 2022.
             The game lasted 00:38:19 (24862 turns).

retardedninja the Severer (Hill Orc Fighter)       Turns: 24862, Time: 00:38:20

Health: -20/127    AC: 28    Str: 30    XL:     14   Next: 57%
Magic:  0/14       EV: 11    Int:  4    God:    Gozag
Gold:   1908       SH:  0    Dex: 13    Spells: 13/13 levels left

rFire   . . .      SeeInvis .    y - +5 war axe of Luad {distort, Dex+3 Stlth+}
rCold   . . .      Faith    .    m - +10 tower shield of Ignorance {rN+ Int-4}
rNeg    + . .      Spirit   +    A - +4 plate armour
rPois   .          Reflect  .    N - +0 helmet
rElec   .          Harm     .    w - +0 cloak
rCorr   .          Rampage  .    K - +0 pair of gloves
Will    +....                    j - +2 pair of boots {Stlth+}
Stlth   ..........               M - amulet of guardian spirit
HPRegen 0.41/turn                r - +6 ring of strength
MPRegen 0.14/turn                g - +4 ring of evasion

@: confused, lethally poisoned (-20 -> -29), ambrosia-drunk, hasted, very quick
A: no striking features
a: Renounce Religion, Potion Petition, Call Merchant, Bribe Branch


You were on level 2 of the Orcish Mines.
You worshipped Gozag.
Gozag was most pleased with you.
You visited 4 branches of the dungeon, and saw 18 of its levels.
You also visited: Bailey and Ice Cave.

You collected 6443 gold pieces.
You spent 2005 gold pieces at shops.
You paid 2530 gold pieces to Gozag.

Inventory:

Hand Weapons
 y - the +5 war axe of Luad (weapon) {distort, Dex+3 Stlth+}
   (You found it on level 7 of the Dungeon)

   It warps and distorts space around it, and may blink, banish, or inflict
   extra damage upon those it strikes.
   Unwielding it can cause banishment or high damage.
   Dex:       It affects your dexterity (+3).
   Stlth:     It makes you more stealthy.
Missiles
 f - a throwing net
 u - 3 silver boomerangs
Armour
 j - a +2 pair of boots of stealth (worn)
 m - the +10 tower shield of Ignorance (worn) {rN+ Int-4}
   (You bought it in a shop on level 5 of the Lair of Beasts)

   Int:       It affects your intelligence (-4).
   rN:        It protects you from negative energy.
 w - a +0 cloak (worn)
 A - a +4 plate armour (worn)
 K - a +0 pair of gloves (worn)
 N - a +0 helmet (worn)
Jewellery
 g - a +4 ring of evasion (right hand)
 r - a +6 ring of strength (left hand)
 M - an amulet of guardian spirit (around neck)
Wands
 t - a wand of quicksilver (12)
 x - a wand of flame (26)
 B - a wand of digging (6)
 J - a wand of polymorph (10)
Scrolls
 e - 2 scrolls of fear
 o - 3 scrolls of magic mapping
 z - 6 scrolls of poison
 G - 3 scrolls of vulnerability
Potions
 b - 2 potions of attraction
 d - 4 potions of degeneration
 h - 7 potions of ambrosia
 p - 4 potions of lignification
 s - 2 potions of mutation
 v - 5 potions of flight
 C - a potion of magic
 D - a potion of resistance {unknown}
Miscellaneous
 I - a condenser vane (inert)


   Skills:
 + Level 12.9 Fighting
 + Level 18.0(18.6) Axes
 + Level 6.3(11.8) Maces & Flails
 + Level 4.2 Throwing
 + Level 12.6 Armour
 + Level 4.2 Dodging
 + Level 5.3 Stealth
 + Level 11.0 Shields
 + Level 0.9 Evocations


You had 13 spell levels left.
You didn't know any spells.
Your spell library contained the following spells:

 Spells                   Type           Power      Damage    Failure   Level
 Kiss of Death            Conj/Necr      0%         2d5       100%        1
 Magic Dart               Conj           0%         1d3       100%        1
 Necrotise                Necr           0%         1d4       100%        1
 Sandblast                Erth           0%         2d4       100%        1
 Sting                    Tmut/Pois      0%         1d3       100%        1
 Call Imp                 Summ           0%         N/A       100%        2
 Passwall                 Tmut/Erth      0%         N/A       100%        2
 Poisonous Vapours        Pois/Air       0%         N/A       100%        2
 Confusing Touch          Hex            0%         N/A       100%        3
 Frozen Ramparts          Ice            0%         1d1       100%        3
 Gell's Gravitas          Tloc           0%         N/A       100%        3
 Ignite Poison            Fire/Tmut/Pois 0%         N/A       100%        3
 Kindle Blastsparks       Fire/Tloc/Air  0%         2d10      100%        3
 Lesser Beckoning         Tloc           0%         N/A       100%        3
 Mephitic Cloud           Conj/Pois/Air  0%         N/A       100%        3
 Stone Arrow              Conj/Erth      0%         3d7       100%        3
 Teleport Other           Tloc           0%         N/A       100%        3
 Vampiric Draining        Necr           0%         2d6       100%        3
 Dispel Undead            Necr           0%         3d6       100%        4
 Ice Form                 Ice/Tmut       0%         N/A       100%        4
 Olgreb's Toxic Radiance  Pois           0%         N/A       100%        4
 Summon Ice Beast         Ice/Summ       0%         N/A       100%        4
 Summon Lightning Spire   Summ/Air       0%         N/A       100%        4
 Agony                    Necr           0%         N/A       100%        5
 Freezing Cloud           Conj/Ice/Air   0%         6-21      100%        5
 Storm Form               Tmut/Air       0%         N/A       100%        7
 Maxwell's Capacitive Co  Air            0%         ∞         100%        8


Dungeon Overview and Level Annotations

Branches:
Dungeon (10/15)            Temple (1/1) D:6            Lair (5/5) D:9
 Shoals (0/4) Lair:2       Spider (0/4) Lair:3        Slime (0/5) Lair:4
    Orc (2/2) D:10            Elf (0/3) Orc:2        Bailey (visited)
  IceCv (visited)

Altars:
Ashenzari
Cheibriados
Dithmenos
Elyvilon
Fedhas
Gozag
Hepliaklqana
Kikubaaqudgha
Makhleb
Nemelex Xobeh
Qazlal
Ru
Sif Muna
Trog
Uskayaw
Vehumet
Wu Jian
Xom
Yredelemnul
Zin
The Shining One
Beogh
Jiyva

Shops:
Lair:5 [

Annotations:
D:7 2 transporters, exclusion: ice statue, greenreed's ghost, novice GnHu
D:10 3 runed translucent doors, ytrimaz's ghost, journeyman TrTm
Abyss:1 Erolcha


Message History

* * * LOW HITPOINT WARNING * * *
You feel better. You block the orc knight's attack. x2
You closely miss the orc knight.
The orc knight is severely wounded.
You block the orc knight's attack.
The orc knight hits you from afar with a +3 glaive of venom.
* * * LOW HITPOINT WARNING * * *
You closely miss the orc knight.
The orc knight is severely wounded.
You block the orc knight's attack.
The orc knight hits you from afar with a +3 glaive of venom!
* * * LOW HITPOINT WARNING * * *
You are poisoned.
You hit the orc knight.
Space warps around the orc knight.
The orc knight is almost dead.
You feel sick.
The orc knight hits you with a +2 war axe of venom!
* * * LOW HITPOINT WARNING * * *
You are lethally poisoned!
You block the orc knight's attack.
You feel better. You block the orc knight's attack. x2
You feel better. You block the orc knight's attack. x2
You feel yourself speed up. You block the orc knight's attack. x2
You block the orc knight's attack.
The orc knight hits you from afar with a +3 glaive of venom!
* * * LOW HITPOINT WARNING * * *
The orc knight hits you but does no damage.
You are poisoned.
The orc knight hits you with a +3 glaive of venom!
* * * LOW HITPOINT WARNING * * *
You are more poisoned.
You feel better.
You are confused.
You feel invigorated.
The orc knight hits you with a +2 war axe of venom!
* * * LOW HITPOINT WARNING * * *
You are lethally poisoned!
The orc knight hits you with a +3 glaive of venom!!
You die...
Your body crumbles into a pile of gold.

#### ##.## ####..## #...#
##.#....# ###.## ####
#...#...####...## ### ##.#.
##.###.#..#.....###.###).))
###.###..$........#.))...)))
##....#.....)#....#.#.)..))))
####.....#......o...#...##......
##.#.#.........o@.........#......
#....))........$...............##
##.#.##..#....#.......#...#....#
######........##..............#
##....................#.##
##.#.................###
##....................#.
##.....................
##................##


You could see 2 orc knights.

Vanquished Creatures
  4 two-headed ogres
  A boulder beetle (Lair:5)
  5 death yaks (Lair:5)
  2 orc high priests (Orc:2)
  11 spriggans (Lair:5)
  A bog body (IceCv)
  3 orc knights
  A necromancer (IceCv)
  An orc sorcerer (Orc:2)
  2 cyclopes
  3 elephants (Lair:2)
  2 black mambas (Lair:3)
  7 cane toads
  2 ice statues (IceCv)
  An unseen horror zombie (D:8)
  8 komodo dragons
  2 anaconda simulacra (IceCv)
  A troll (D:7)
  2 ice devils (IceCv)
  A queen bee (Lair:2)
  A meliai (Lair:3)
  5 polar bears
  5 hornets (Lair:5)
  8 blink frogs
  2 dream sheep (Lair:5)
  Sigmund (D:2)
  11 yaks
  2 dire elephant simulacra (IceCv)
  3 wyverns
  4 basilisks
  A steam dragon (D:7)
  2 wargs (D:9)
  A harpy simulacrum (IceCv)
  12 water moccasins
  5 hydra simulacra (IceCv)
  2 sky beasts (D:7)
  Duvessa (D:7)
  2 ice beasts
  7 black bears
  5 ogres
  25 orc warriors
  3 boggarts (Lair:5)
  28 wolves
  10 centaurs
  A phantom (D:5)
  8 kobold brigands
  2 necrophages (D:8)
  14 bullfrogs
  2 scorpions
  6 wights
  Dowan (D:7)
  24 killer bees
  8 electric eels
  4 howler monkeys
  22 orc priests
  3 gnoll boudas
  3 hounds (D:5)
  2 jellies
  A human zombie (D:8)
  4 iguanas
  14 orc wizards
  4 spriggan simulacra (IceCv)
  A wolf simulacrum (IceCv)
  2 mummies (D:8)
  A howler monkey zombie (D:8)
  24 gnolls
  A river rat (D:5)
  7 adders
  A naga simulacrum (IceCv)
  A shadow imp (D:8)
  2 ufetubi (D:5)
  4 worms
  The ghost of blackman the Sneak, a weakling HuDe (D:5)
  A dart slug (D:2)
  73 orcs
  20 endoplasms
  5 giant cockroaches
  8 goblins
  7 hobgoblins
  7 jackals
  5 quokkas
  7 ball pythons
  7 bats
  3 frilled lizards
  28 kobolds
  4 rats
549 creatures vanquished.

Vanquished Creatures (others)
  Maurice (D:9)
  An iguana (D:7)
  33 fungi
  53 plants
  5 toadstools (D:1)
93 creatures vanquished.

Grand Total: 642 creatures vanquished

Notes
Turn   | Place    | Note
-------+----------+-------------------------------------------
     0 | D:1      | retardedninja the Hill Orc Fighter began the quest for the
                  | Orb.
     0 | D:1      | Reached XP level 1. HP: 19/19 MP: 1/1
   151 | D:1      | Reached XP level 2. HP: 25/27 MP: 2/2
   304 | D:1      | Reached skill level 3 in Axes
   497 | D:1      | Identified the +3 ring mail of the Illusory Beasts {rElec
                  | rN+}
   576 | D:1      | Reached XP level 3. HP: 29/33 MP: 3/3
  1234 | D:2      | Found a blossoming altar of Fedhas.
  1739 | D:2      | Noticed Sigmund
  1752 | D:2      | Killed Sigmund
  1753 | D:2      | Reached skill level 5 in Axes
  1753 | D:2      | Reached XP level 4. HP: 32/41 MP: 4/4
  1753 | D:2      | Reached XP level 5. HP: 37/47 MP: 5/5
  2270 | D:3      | Found a sparkling altar of Nemelex Xobeh.
  2466 | D:3      | Reached XP level 6. HP: 53/53 MP: 6/6
  2482 | D:3      | Reached skill level 6 in Axes
  2730 | D:3      | Found a glowing silver altar of Zin.
  2764 | D:3      | Found a blossoming altar of Fedhas.
  3269 | D:3      | Reached skill level 1 in Dodging
  3377 | D:4      | Noticed a black bear
  3384 | D:4      | Killed a black bear
  3385 | D:4      | Reached skill level 7 in Axes
  3385 | D:4      | Reached XP level 7. HP: 51/60 MP: 7/7
  3760 | D:4      | Reached skill level 5 in Fighting
  3842 | D:4      | Reached skill level 8 in Axes
  4415 | D:5      | Entered Level 5 of the Dungeon
  4463 | D:5      | Found a runed translucent door.
  4465 | D:5      | Noticed blackman's ghost (weakling HuDe)
  4588 | D:5      | Found a bloodstained altar of Trog.
  4635 | D:5      | Found a runed translucent door.
  4650 | D:5      | Reached skill level 5 in Armour
  4650 | D:5      | Reached XP level 8. HP: 55/68 MP: 8/8
  4740 | D:5      | Reached skill level 1 in Stealth
  4960 | D:5      | Reached skill level 9 in Axes
  4960 | D:5      | Reached skill level 5 in Shields
  5024 | D:5      | Identified the +7 flail "Viefaepe" {vorpal, Int+6}
  5246 | D:5      | Killed blackman's ghost
  5371 | D:6      | Reached skill level 1 in Maces & Flails
  5494 | D:6      | Found a staircase to the Ecumenical Temple.
  5516 | Temple   | Entered the Ecumenical Temple
  5612 | Temple   | Became a worshipper of Gozag Ym Sagoz the Greedy
  5689 | D:6      | Reached XP level 9. HP: 75/75 MP: 9/9
  6302 | D:7      | Noticed Duvessa
  6305 | D:7      | Noticed Dowan
  6941 | D:7      | Killed Duvessa
  6943 | D:7      | Killed Dowan
  6949 | D:7      | Reached skill level 5 in Maces & Flails
  7444 | D:7      | Identified the +5 war axe of Luad {distort, Dex+3 Stlth+}
  7543 | D:7      | Reached skill level 1 in Throwing
  7787 | D:7      | Noticed an ice statue
  7799 | D:7      | Found a transporter.
  7800 | D:7      | Noticed greenreed's ghost (novice GnHu)
  7817 | D:7      | Found a transporter.
  8029 | D:7      | Reached skill level 10 in Axes
  8029 | D:7      | Reached XP level 10. HP: 86/86 MP: 10/10
  8094 | D:7      | Noticed a two-headed ogre
  8095 | D:7      | Noticed a cyclops
  8107 | D:7      | Killed a two-headed ogre
  8125 | D:7      | Killed a cyclops
  8463 | D:7      | Reached skill level 11 in Axes
  8547 | D:7      | Found a roughly hewn altar of Beogh.
  9110 | D:8      | Found a flagged portal.
  9121 | Bailey   | Entered a bailey
  9277 | Bailey   | Noticed an orc knight
  9313 | Bailey   | Killed an orc knight
  9614 | Bailey   | Found an iron altar of Okawaru.
  9699 | D:8      | Reached XP level 11. HP: 94/94 MP: 11/11
  9876 | D:8      | Reached skill level 12 in Axes
 10265 | D:8      | Found a basalt altar of Yredelemnul.
 10386 | D:9      | Noticed Maurice
 10395 | D:9      | Killed Maurice
 10486 | D:9      | Noticed a two-headed ogre
 10495 | D:9      | Killed a two-headed ogre
 10714 | D:9      | Found a staircase to the Lair.
 10801 | D:9      | Reached skill level 13 in Axes
 10973 | D:9      | Found a broken altar of Ashenzari.
 11147 | D:9      | Noticed a two-headed ogre
 11200 | D:9      | Killed a two-headed ogre
 11518 | Lair:1   | Entered Level 1 of the Lair of Beasts
 12021 | Lair:1   | Found a snail-covered altar of Cheibriados.
 12483 | Lair:2   | Reached skill level 14 in Axes
 12616 | Lair:2   | Reached XP level 12. HP: 85/104 MP: 12/12
 13275 | Lair:2   | Found a staircase to the Shoals.
 13327 | Lair:2   | Reached skill level 15 in Axes
 13395 | Lair:2   | Reached skill level 10 in Fighting
 13824 | Lair:3   | Found a hole to the Spider Nest.
 13971 | Lair:3   | Found a frozen archway.
 13992 | IceCv    | Entered an ice cave
 14337 | IceCv    | Upgraded the game from 0.30-a0-311-gf115ab0292 to
                  | 0.30-a0-313-gae38170b09
 14714 | IceCv    | Reached skill level 16 in Axes
 17059 | IceCv    | Reached XP level 13. HP: 67/114 MP: 13/13
 17061 | IceCv    | Reached skill level 10 in Armour
 17983 | Lair:3   | Found a shimmering altar of Xom.
 18414 | Lair:4   | Found a viscous altar of Jiyva.
 18414 | Lair:4   | Found a staircase to the Slime Pits.
 19931 | Lair:5   | Entered Level 5 of the Lair of Beasts
 19955 | Lair:5   | Reached skill level 5 in Stealth
 20165 | Lair:5   | Reached skill level 17 in Axes
 20165 | Lair:5   | Paralysed by a hornet for 3 turns
 21245 | Lair:5   | Reached XP level 14. HP: 81/125 MP: 14/14
 21462 | Lair:5   | Reached skill level 10 in Shields
 21990 | Lair:5   | Bought the +10 tower shield of Ignorance {rN+ Int-4} for
                  | 2005 gold pieces
 21990 | Lair:5   | Found the +10 tower shield of Ignorance {rN+ Int-4}
 22098 | D:10     | Entered Level 10 of the Dungeon
 22538 | D:10     | Found a runed translucent gate.
 22538 | D:10     | Found a runed translucent gate.
 22539 | D:10     | Found a runed translucent gate.
 22541 | D:10     | Noticed ytrimaz's ghost (journeyman TrTm)
 23009 | D:10     | Found a staircase to the Orcish Mines.
 23243 | D:10     | Identified a scroll of acquirement
 23243 | D:10     | Acquired 793 gold pieces
 23483 | Orc:1    | Entered Level 1 of the Orcish Mines
 23696 | Orc:2    | Entered Level 2 of the Orcish Mines
 23752 | Orc:2    | Found a staircase to the Elven Halls.
 23825 | Orc:2    | Noticed Erolcha
 23834 | Orc:2    | Banished Erolcha
 24599 | Orc:2    | Reached skill level 18 in Axes
 24860 | Orc:2    | HP: 3/127 [orc knight/+3 glaive of venom (15)]
 24862 | Orc:2    | Demolished by an orc knight

Illustrated notes

Levels and vault maps discovered:
D:1:      wander_arrival_chamber, layout_basic, minmay_liquid_box,
          minmay_gold_behind_fungi, kennysheep_small_spiral
D:2:      layout_basic, basic_altar, uniq_sigmund
D:3:      layout_basic, nemelex_spade_bored_becter,
          mainiacjoe_overflow_two_lobes
D:4:      layout_basic
D:5:      layout_loops_cross, mainiacjoe_overflow_tiny_flanked,
          ebering_ghost_sewer_f
D:6:      layout_loops_cross, minmay_temple_entry_mist
D:7:      minmay_chambers_of_sevens, layout_rooms, nzn_ghost_randoct,
          fountainhead, david_defended_altar_orc, uniq_duvessa
D:8:      layout_loops_ring, lemuel_mausoleum_altar_yredelemnul, enter_bailey_2
D:9:      layout_basic, mainiacjoe_overflow_six_doors_small,
          erik_lair_orcish_takeover, serial_corexii_hall,
          chequers_hall_statues_corner_a, corexii_hall_statues_i,
          chequers_hall_statues_wall_a, chequers_hall_statues_y,
          kennysheep_diamond, uniq_maurice
D:10:     layout_basic, erik_orc_2, gammafunk_ghost_nasty_kobolds
Temple:   nicolae_temple_elliptical
Lair:1:   layout_cave_pods, basic_altar, lemuel_fruit_tree
Lair:2:   layout_loops_ring, minmay_shoals_entry_centaurs,
          nicolae_volcano_entry_s_turn, special_room [special_room_bee],
          serial_bayou_shore_a, lemuel_fruit_fields, grunt_megastairs_5
Lair:3:   layout_regular_city, hellmonk_spider_entry_not_the_bees,
          portal_ice_cave_entry_pillars_2, basic_altar, lemuel_fruit_fields,
          infiniplex_staircase_pool_2
Lair:4:   layout_small_grid, nicolae_slime_entry_slimehenge,
          serial_bayou_ford_a, minivault_25, serial_bayou_shore_b
Lair:5:   minmay_lair_end_enchanted_forest, layout_layer_cave,
          serial_bayou_pond_e, serial_bayou_shore_b
Orc:1:    layout_caves, biasface_ghost_orc_armoury
Orc:2:    st_orc_pillars, layout_caves, uniq_erolcha

Skill      XL: |  1  2  3  4  5  6  7  8  9 10 11 12 13 14 |
---------------+-------------------------------------------+-----
Axes           | 3 5 7 8 9 10 11 14 16 17 18 | 18.0
Fighting       | 4 5 6 7 9 10 11 12 | 12.9
Armour         | 4 5 6 7 8 9 12 | 12.6
Shields        | 4 5 6 7 8 9 11 | 11.0
Dodging        | 1 2 3 4 |  4.2
Stealth        | 1 2 4 5 |  5.3
Maces & Flails | 3 6 |  6.3
Throwing       | 1 2 4 |  4.2
Evocations     | |  0.9

Action                   |  1- 3 |  4- 6 |  7- 9 | 10-12 | 13-15 || total
-------------------------+-------+-------+-------+-------+-------++-------
Melee: War axe           |   136 |    72 |   146 |   425 |   462 ||  1241
       Flail             |       |       |   143 |       |       ||   143
Throw: Boomerang         |       |       |    11 |    38 |       ||    49
Invok: Potion Petition   |       |       |       |     2 |     3 ||     5
       Call Merchant     |       |       |       |       |     1 ||     1
Evoke: Condenser vane    |       |       |       |       |     1 ||     1
       Wand              |       |       |       |       |    10 ||    10
  Use: Potion            |     1 |       |       |     6 |    13 ||    20
       Scroll            |       |     8 |     7 |     6 |    10 ||    31
 Stab: Sleeping          |       |     1 |     5 |     5 |       ||    11
       Distracted        |       |       |     1 |     3 |     4 ||     8
       Petrified         |       |       |       |       |     3 ||     3
       Confused          |       |       |       |       |     1 ||     1
Armor: Scale mail        |    54 |    22 |   104 |     8 |       ||   188
       Plate armour      |       |       |       |   141 |   117 ||   258
       Skin              |       |       |       |    16 |       ||    16
Dodge: Dodged            |    66 |    49 |   227 |   164 |    91 ||   597
Block: Buckler           |    30 |    24 |   107 |    54 |       ||   215
       Kite shield       |       |       |       |    97 |    99 ||   196
       Tower shield      |       |       |       |       |   208 ||   208

Table legend: (Time is in decaauts)
 A = Elapsed time spent in this place.
 B = Non-inter-level travel time spent in this place.
 C = Inter-level travel time spent in this place.
 D = Time resting spent in this place.
 E = Time spent auto-exploring this place.
 F = Levels seen in this place.
 G = Mean time per level.
                   A        B        C        D        E       F      G
               +--------+--------+--------+--------+--------+-----+--------+
         Total |  24889 |  24332 |    557 |   8195 |  12475 |  20 | 1244.4 |
       Dungeon |  12365 |  11958 |    407 |   2458 |   7451 |  10 | 1236.5 |
        Temple |    131 |     96 |     35 |      0 |     78 |   1 |  131.0 |
          Lair |   7103 |   6988 |    115 |   1840 |   4247 |   5 | 1420.6 |
  Orcish Mines |   1387 |   1387 |      0 |    695 |    382 |   2 |  693.5 |
        Bailey |    544 |    544 |      0 |    285 |    154 |   1 |  544.0 |
      Ice Cave |   3357 |   3357 |      0 |   2916 |    162 |   1 | 3357.0 |
               +--------+--------+--------+--------+--------+-----+--------+

Top non-repeatable levels by time:
   IceCv: 3357 daAuts
  Lair:5: 2037 daAuts
     D:7: 1897 daAuts
  Lair:4: 1710 daAuts
     D:6: 1525 daAuts
    D:10: 1382 daAuts
  Lair:2: 1250 daAuts
     D:1: 1241 daAuts
   Orc:2: 1174 daAuts
     D:9: 1148 daAuts
  Lair:3: 1129 daAuts
     D:3: 1124 daAuts
     D:2: 1064 daAuts
     D:4: 1061 daAuts
     D:8: 1046 daAuts
